Map: Acropolis LE

Players

llllllllllll (Oliveira)

  • Race: Terran Terran
  • League: Master
  • Spawn Location: 5:00

lIlIlIlIIlIl - Winner!

  • Race: Protoss Protoss
  • League: Master
  • Spawn Location: 11:00

Event: 2019 Assembly Summer

VOD

Have the link to the VOD?

Description

Time

  • Played on: Aug. 2, 2019, 5:24 a.m.
  • Length: 8:32

All games in this series

Show
View Real Time Build Order
Export as new Build Order

llllllllllll Terran 

Build Orders: Reaper Expand 

Get SALT Encoding   

  12  0:00  SCV  
  13  0:13  SCV  
  14  0:17  Supply Depot  
  14  0:25  SCV  
  15  0:39  SCV  
  15  0:41  Barracks  
  16  0:44  Refinery  
  16  0:51  SCV  
  17  1:03  SCV  
  18  1:15  SCV  
  19  1:28  Reaper, Orbital Command  
  20  1:45  Command Center  
  20  1:53  Supply Depot  
  20  1:54  SCV  
  21  2:00  Barracks Reactor  
  21  2:02  Refinery  
  21  2:06  SCV  
  22  2:18  SCV  
  23  2:23  Factory, Bunker  
  23  2:30  SCV  
  24  2:37  Marine x2  
  24  2:42  SCV  
  27  2:54  SCV  
  27  2:55  Marine x2  
  30  3:05  Orbital Command  
  30  3:10  SCV  
  30  3:12  Starport, Widow Mine  
  33  3:15  Marine x2  
  35  3:23  SCV  
  36  3:28  Supply Depot  
  36  3:30  SCV  
  36  3:33  Marine, Widow Mine  
  40  3:35  SCV  
  40  3:36  Marine  
  42  3:42  SCV  
  42  3:48  SCV  
  44  3:51  Medivac  
  44  3:53  Marine  
  44  3:54  Supply Depot, Marine, SCV  
  49  3:55  Factory Tech Lab  
  49  4:00  SCV  
  49  4:02  Barracks  
  50  4:06  SCV  
  50  4:09  Refinery  
  51  4:11  Supply Depot  
  51  4:12  Marine  
  51  4:13  Marine  
  53  4:17  SCV  
  53  4:18  SCV  
  55  4:24  Factory Tech Lab  
  55  4:28  Raven, Engineering Bay  
  55  4:30  Marine, SCV  
  59  4:31  Marine  
  59  4:33  SCV  
  59  4:35  Supply Depot  
  61  4:42  SCV  
  61  4:45  SCV  
  63  4:54  Marine  
  63  4:55  Marine, Barracks Tech Lab  
  63  4:57  Barracks  
  63  4:58  Siege Tank  
  63  4:59  SCV x2  
  67  5:00  Terran Infantry Weapons Level 1  
  65  5:10  Supply Depot  
  65  5:11  Refinery, SCV  
  64  5:14  Marine  
  64  5:15  Stimpack, Marine  
  64  5:17  SCV  
  64  5:20  Marine  
  68  5:22  Supply Depot  
  68  5:24  Starport Reactor  
  68  5:25  SCV  
  69  5:30  Siege Tank  
  69  5:31  SCV  
  69  5:33  Marine  
  69  5:34  Marine  
  75  5:37  SCV  
  75  5:38  Marauder  
  75  5:41  Supply Depot  
  78  5:47  SCV  
  78  5:54  Marine x2, Marauder, Combat Shield  
  82  6:00  Marauder  
  82  6:01  Medivac  
  82  6:03  Siege Tank  
  89  6:05  Supply Depot, Medivac  
  91  6:12  Marine x2  
  91  6:15  Marauder  
  95  6:25  Marauder  
  97  6:26  Supply Depot  
  97  6:30  Marine x2  
  99  6:32  Medivac  
  99  6:35  Medivac  
  99  6:37  Marauder  
  105  6:42  Supply Depot  
  105  6:46  Marine  
  106  6:51  Marine  
  107  6:58  Marauder  
  106  7:03  Siege Tank  
  106  7:04  SCV  
  106  7:06  Supply Depot, Marine  
  106  7:07  Marauder  
  112  7:13  Marine  
  109  7:19  Marauder  
  97  7:24  Marine  
  97  7:28  Liberator  
  97  7:29  Marine  
  72  7:35  Siege Tank  
  72  7:36  Marine  
  70  7:39  SCV  
  70  7:41  Marauder  
  70  7:42  Marine  
  67  7:47  Marauder  
  72  7:53  Marine  
  73  8:00  Marine  
  73  8:02  Marine  
  75  8:08  Marine  
  75  8:11  Marine  
Show
View Real Time Build Order
Export as new Build Order

lIlIlIlIIlIl Protoss - Winner!

Build Orders: 1 Gate Expand, Phoenix Opening, Blink Stalkers, Chargelot Immortal 

Get SALT Encoding   

  12  0:00  Probe  
  13  0:12  Probe  
  14  0:17  Pylon  
  14  0:24  Probe  
  15  0:32  Probe  
  15  0:37  Gateway  
  15  0:40  Probe  
  16  0:45  Assimilator  
  17  0:51  Probe  
  18  1:03  Probe  
  19  1:15  Probe  
  20  1:21  Nexus  
  20  1:31  Cybernetics Core  
  20  1:35  Probe  
  20  1:39  Assimilator  
  21  1:47  Probe  
  21  1:49  Pylon  
  22  1:58  Adept  
  22  1:59  Probe  
  25  2:09  Warp Gate  
  25  2:11  Probe  
  26  2:20  Sentry  
  26  2:23  Probe  
  29  2:31  Probe  
  29  2:35  Probe, Twilight Council  
  30  2:39  Probe  
  30  2:42  Blink  
  31  2:44  Stalker  
  31  2:47  Probe  
  31  2:49  Probe  
  35  2:53  Phoenix  
  35  2:57  Gateway  
  35  2:59  Probe  
  35  3:05  Probe  
  37  3:11  Probe  
  36  3:17  Probe, Pylon  
  37  3:24  Probe  
  38  3:29  Probe  
  38  3:31  Robotics Facility  
  38  3:33  Assimilator  
  39  3:36  Probe  
  39  3:41  Probe  
  41  3:48  Probe  
  42  3:53  Probe  
  43  3:58  Stalker x2  
  43  4:01  Probe  
  43  4:02  Pylon  
  48  4:05  Probe  
  48  4:07  Nexus  
  49  4:12  Pylon  
  49  4:14  Probe  
  50  4:17  Probe  
  50  4:18  Observer  
  52  4:24  Stalker x2  
  52  4:27  Probe  
  52  4:29  Probe  
  58  4:32  Pylon  
  58  4:35  Forge  
  58  4:39  Probe  
  58  4:40  Observer  
  58  4:41  Probe  
  61  4:50  Protoss Ground Armor Level 1  
  61  4:51  Probe, Stalker x2  
  66  4:53  Probe  
  67  5:03  Probe  
  67  5:05  Probe  
  68  5:13  Charge  
  68  5:15  Probe  
  68  5:18  Probe  
  68  5:19  Probe  
  71  5:24  Immortal  
  71  5:27  Probe  
  76  5:30  Probe  
  76  5:31  Probe  
  76  5:33  Gateway  
  76  5:34  Gateway  
  78  5:36  Gateway  
  78  5:38  Gateway  
  78  5:39  Probe  
  78  5:42  Probe  
  80  5:43  Probe  
  80  5:47  Gateway  
  80  5:49  Sentry  
  83  5:50  Zealot  
  83  5:52  Gateway  
  83  5:53  Pylon  
  83  5:55  Probe x3  
  88  6:01  Pylon x2  
  88  6:06  Immortal  
  92  6:13  Forge, Assimilator  
  92  6:16  Zealot x2  
  96  6:20  Probe x2  
  96  6:25  Probe, Pylon  
  99  6:27  Assimilator  
  99  6:30  Zealot x2  
  103  6:35  Zealot x2  
  103  6:36  Zealot, Photon Cannon  
  103  6:37  Zealot  
  111  6:41  Pylon  
  111  6:44  Stalker  
  113  6:50  Zealot x2  
  117  7:00  Zealot x5  
  125  7:06  Pylon  
  125  7:08  Pylon  
  125  7:14  Zealot x3  
  117  7:23  Immortal  
  117  7:24  Zealot x5  
  85  7:38  Stalker x3  
  81  7:45  Zealot, Sentry x4  
  81  7:49  Shield Battery  
  81  7:50  Shield Battery  
  81  7:51  Immortal, Shield Battery  
  91  8:02  Stalker x3  
  101  8:07  Robotics Bay  
  101  8:09  Sentry x2, Stalker  
  101  8:12  Stalker  
  109  8:18  Zealot  
  105  8:27  Zealot x3  
Tags
 
Add a new tag
Caveats
  • Supply blocks, unpowered buildings, or Contaminate may cause inaccurate times.
  • Supply counts are checked every 10 seconds.